 Dungeon Crawl Stone Soup version 0.22.0-78-g6c94d2c (webtiles) character file.

41 MalarOregon the Skirmisher (level 3, 0/30 HPs)
             Began as a Barachi Fighter on Sept 16, 2018.
             Killed from afar by an orc wizard (7 damage)
             ... with a puff of flame
             ... on level 2 of the Dungeon.
             The game lasted 00:01:44 (1125 turns).

MalarOregon the Skirmisher (Barachi Fighter)        Turns: 1125, Time: 00:01:45

Health: 0/30       AC:  7    Str: 18    XL:     3   Next: 52%
Magic:  3/3        EV:  7    Int:  8    God:
Gold:   39         SH:  9    Dex: 11    Spells: 2/2 levels left

rFire    . . .     SeeInvis .   a - +0 long sword
rCold    . . .     Gourm    .   c - +0 shield
rNeg     . . .     Faith    .   b - +0 scale mail
rPois    .         Spirit   .   (no helmet)
rElec    .         Reflect  .   (no cloak)
rCorr    .         Harm     .   (no gloves)
MR       .....                  (no boots)
Stlth    ..........             (no amulet)
HPRegen  0.10/turn              (no ring)
MPRegen  0.08/turn              (no ring)

@: can't hop, slow
A: +LOS, swims, slowness 1, strong legs 1
a: Hop


You were on level 2 of the Dungeon.
You were not hungry.

You visited 1 branch of the dungeon, and saw 2 of its levels.

You collected 39 gold pieces.

Inventory:

Hand Weapons
 a - a +0 long sword (weapon)
 o - a +0 dagger of venom
Armour
 b - a +0 scale mail (worn)
 c - a +0 shield (worn)
 n - a +1 scale mail of positive energy
Scrolls
 e - a scroll of enchant weapon {unknown}
 g - a scroll of teleportation {unknown}
 i - a scroll of magic mapping {unknown}
 m - 2 scrolls of remove curse {unknown}
Potions
 d - 2 potions of might
 h - a potion of heal wounds {unknown}
 k - a potion of lignification {unknown}
 l - a potion of magic {unknown}
 p - a potion of invisibility {unknown}
Comestibles
 f - 3 rations
 j - 4 chunks of flesh


   Skills:
 + Level 3.9 Fighting
 * Level 3.2 Long Blades
 + Level 3.9 Armour
 + Level 1.0 Dodging
 * Level 3.8 Shields


You had 2 spell levels left.
You didn't know any spells.
Your spell library was empty.

Dungeon Overview and Level Annotations

Branches:
Dungeon (2/15)

Altars:


Innate Abilities, Weirdness & Mutations

Shadows flee at your approach. (+LOS)
You can swim through water.
You cover ground slowly.
You can hop short distances.


Message History

The orc wizard casts a spell.
The orc wizard seems to speed up.
The orc wizard barely misses you. The orc hits you but does no damage.
You barely miss the orc wizard.
The orc wizard gestures at you while chanting.
The puff of flame hits you!
* * * LOW HITPOINT WARNING * * *
Hop to where?
Press: ? - help, Dir - move target cursor Boing!
The orc wizard begins to cast a cantrip, but forgets the words!
The orc wizard gestures wildly while chanting.
The orc wizard flickers and vanishes!
Deactivating autopickup; reactivate with Ctrl-A.
Found 11 sling bullets.
The orc wizard gestures wildly while chanting.
The orc wizard flickers and vanishes!
A puff of flame appears from out of thin air!
The puff of flame hits you!
You die...

#......[.# #.)......# ..
#........# #...#
####........## .....#
######............# .....#
#......#..........##.#...#
#........................(
#<........................
########....@..........#
##............##.#
##...#####..o..##.###
#..#..####..........####
#..###...###.............
#.# ###..##.#...........
... ##.......o...###.!
.... ####.##.##.o..# #...
##.##.##.##.##.


You could see 2 orcs.

Vanquished Creatures
  A worm (D:1)
  A dart slug (D:1)
  2 leopard geckos (D:1)
  2 bats (D:1)
  2 giant cockroaches
  3 goblins
  7 hobgoblins (D:1)
  6 kobolds
  A quokka (D:2)
  A ball python skeleton (D:2)
  4 rats
30 creatures vanquished.

Notes
Turn   | Place    | Note
-------+----------+-------------------------------------------
     0 | D:1      | MalarOregon the Barachi Fighter began the quest for the
                  | Orb.
     0 | D:1      | Reached XP level 1. HP: 18/18 MP: 1/1
    57 | D:1      | Reached XP level 2. HP: 18/25 MP: 2/2
   345 | D:1      | Reached XP level 3. HP: 18/30 MP: 3/3
  1103 | D:2      | Reached skill level 1 in Dodging
  1125 | D:2      | Killed from afar by an orc wizard

Skill      XL: |  1  2  3 |
---------------+----------+-----
Long Blades    | 3 |  3.2
Dodging        | 1 |  1.0
Fighting       | |  3.9
Armour         | |  3.9
Shields        | |  3.8

Action                   || total
-------------------------++-------
Melee: Long sword        ||   102
 Abil: Hop               ||     1
  Eat: Chunk             ||     1
Armor: Scale mail        ||    44
Dodge: Dodged            ||    26
Block: Shield            ||    60
       Rpst.: Long sword ||     3
